 Dungeon Crawl Stone Soup version 0.21-a0-552-g593960d (webtiles) character file.

5003 Firecrotchwizard the Carver (level 10, -1/53 HPs)
             Began as a Vine Stalker Fighter on Dec 17, 2017.
             Was an Elder of Okawaru.
             Succumbed to a two-headed ogre's poison
             ... on level 9 of the Dungeon on Dec 18, 2017.
             The game lasted 00:21:43 (7120 turns).

Firecrotchwizard the Carver (Vine Stalker Fighter)  Turns: 7120, Time: 00:21:43

Health: -1/53      AC: 14    Str: 20    XL:     10   Next: 54%
Magic:  0/11       EV:  6    Int:  8    God:    Okawaru [****..]
Gold:   402        SH: 11    Dex: 16    Spells: 9/9 levels left

rFire    . . .     SeeInvis .   a - +1 long sword
rCold    . . .     Gourm    .   c - +0 shield
rNeg     . . .     Faith    .   u - +0 chain mail
rPois    .         Spirit   +   m - +2 helmet
rElec    .         Reflect  .   (no cloak)
rCorr    .         Harm     .   (no gloves)
MR       +++..                  j - +0 pair of boots
Stlth    ..........             (no amulet)
HPRegen  0.57/turn              r - ring of protection from magic {MR+, !d}
MPRegen  0.12/turn              i - ring of protection from magic {MR+, !d}

@: lethally poisoned (-1 -> -7)
A: fangs 3, regeneration 1, magic shield, antimagic bite, no potion heal 3, rot
immunity
a: Heroism, Renounce Religion


You were on level 9 of the Dungeon.
You worshipped Okawaru.
Okawaru was greatly pleased with you.
You were not hungry.

You visited 2 branches of the dungeon, and saw 10 of its levels.
You also visited: Sewer.

You collected 402 gold pieces.

Inventory:

Hand Weapons
 a - a +1 long sword (weapon)
Missiles
 E - 3 throwing nets {=f, !d}
Armour
 c - a +0 shield (worn)
 j - a +0 pair of boots (worn)
   (You found it on level 2 of the Dungeon)
 m - a +2 helmet (worn)
   (You found it on level 2 of the Dungeon)
 u - a +0 chain mail (worn)
   (You took it off Terence on level 3 of the Dungeon)
Jewellery
 i - a ring of protection from magic (right hand) {MR+, !d}
   (You found it on level 8 of the Dungeon)
 r - a ring of protection from magic (left hand) {MR+, !d}
   (You found it on level 2 of the Dungeon)
Wands
 s - a wand of random effects (32)
   (You took it off a centaur on level 8 of the Dungeon)
 C - a wand of flame (21)
   (You found it on level 8 of the Dungeon)
 F - a wand of enslavement (15)
   (You found it on level 8 of the Dungeon)
Scrolls
 b - 3 scrolls of blinking {!r}
 e - 3 scrolls of identify
 k - 4 scrolls of teleportation
 q - 5 scrolls of remove curse
 w - 2 scrolls of fear
 x - 2 scrolls of fog
 y - a scroll of amnesia
Potions
 d - a potion of might
 h - 3 potions of curing
 l - 4 potions of haste
 n - 6 potions of brilliance
 o - a potion of invisibility {unknown}
 z - a potion of flight {unknown}
 A - a potion of agility {unknown}
Books
 B - a book of Minor Magic
   (You found it on level 5 of the Dungeon)
Comestibles
 f - 11 bread rations {@e1}
 g - 6 meat rations {@e2}
 p - 8 fruits
 D - 6 chunks of flesh {@w0}


   Skills:
 + Level 6.8 Fighting
 * Level 9.1 Long Blades
 + Level 6.2 Armour
 + Level 6.8 Shields


You had 9 spell levels left.
You didn't know any spells.

Dungeon Overview and Level Annotations

Branches:
Dungeon (9/15)             Temple (1/1) D:5
   Lair: D:8-11         Orc: D:9-12

Altars:
Ashenzari
Cheibriados
Elyvilon
Fedhas
Hepliaklqana
Kikubaaqudgha
Okawaru
Qazlal
Sif Muna
Trog
Uskayaw
Wu Jian
Xom
Yredelemnul
Zin
The Shining One

Shops:
D:4 *

Annotations:
D:3 Sigmund
D:6 zig's ghost, novice BaMo


Innate Abilities, Weirdness & Mutations

You have razor-sharp teeth.
Your natural rate of healing is unusually fast.
When hurt, damage is shared between your health and your magic reserves.
Your bite disrupts and absorbs the magic of your enemies.
Potions cannot restore your health.
You are immune to rotting.


Message History

The bullfrog gives a loud, deep croak!
You hit the centaur.
The bullfrog moves out of view.
You block the centaur's attack.
You hit the centaur but do no damage. You bite the centaur.
You drain its power.
You kill the centaur!
Okawaru accepts your kill.
The howler monkey hoots and howls with incredible vigour!
You hear a chilling moan.
You hear a bellow!
A howler monkey comes into view.
You barely miss the quokka.
The howler monkey howls!
You bite the quokka, but do no damage.
The howler monkey hoots and howls with incredible vigour!
You block the quokka's attack.
You hear a croak.
You closely miss the quokka. Your bite misses the quokka.
The howler monkey moves out of view.
The howler monkey hoots and howls with incredible vigour!
You block the quokka's attack.
You barely miss the quokka. Your bite misses the quokka.
The quokka barely misses you.
You riposte.
You hit the quokka.
Health restored: 53 You hit the quokka.
You kill the quokka!
Okawaru accepts your kill.
The howler monkey hoots and howls with incredible vigour!
You gain the combat prowess of a mighty hero.
You block the bullfrog's attack.
The bullfrog hits you but does no damage.
You now have 9/11 mp.
You closely miss the bullfrog. You bite the bullfrog. You drain its power.
You feel invigorated.
The howler monkey hoots and howls with incredible vigour!
The bullfrog barely misses you.
You hear a bark!
You hear a shout!
You hit the bullfrog. You bite the bullfrog! You drain its power.
You feel invigorated. The bullfrog hits you.
You take 3 damage, and have 50/53 hp.
You slash the bullfrog!
You kill the bullfrog!
Okawaru accepts your kill.
You hit the howler monkey. The howler monkey hits you.
You take 3 damage, and have 47/53 hp.
You now have 9/11 mp.
You hit the howler monkey. Your bite misses the howler monkey.
You hit the howler monkey. You bite the howler monkey! You drain its power.
You feel invigorated.
You kill the howler monkey!
Okawaru accepts your kill.
MP restored: 11 You hit the two-headed ogre.
You bite the two-headed ogre. You drain its power.
The two-headed ogre barely misses you.
You riposte.
You slash the two-headed ogre! You bite the two-headed ogre.
You drain its power. You block the two-headed ogre's attack.
You hear a bark!
You slash the two-headed ogre!
You bite the two-headed ogre, but do no damage.
The two-headed ogre hits you with a giant club!
The two-headed ogre hits you with a dire flail of venom.
You are poisoned.
A hound comes into view.
You take 10 damage, and have 38/53 hp.
You now have 8/11 mp.
You slash the two-headed ogre!
You feel sick.
The hound moves out of view.
You closely miss the two-headed ogre. Your bite misses the two-headed ogre.
The two-headed ogre hits you with a giant club!
The two-headed ogre hits you with a dire flail of venom!
You are more poisoned.
You take 16 damage, and have 22/53 hp.
MASSIVE DAMAGE!!
You now have 5/11 mp.
You hit the two-headed ogre.
You feel sick.
You take 2 damage, and have 20/53 hp.
You hit the two-headed ogre. You bite the two-headed ogre. You drain its power.
You feel invigorated.
You feel sick.
The two-headed ogre hits you with a giant club!!
* * * LOW HITPOINT WARNING * * *
The two-headed ogre hits you but does no damage.
The howler monkey hoots and howls with incredible vigour!
You take 15 damage, and have 5/53 hp.
MASSIVE DAMAGE!!
You now have 2/11 mp.
You barely miss the two-headed ogre.
You feel like a meek peon again.
* * * LOW HITPOINT WARNING * * *
You feel sick.
The two-headed ogre hits you with a giant club.
* * * LOW HITPOINT WARNING * * *
You block the two-headed ogre's attack.
A bullfrog comes into view.
You take 4 damage, and have 1/53 hp.
You now have 0/11 mp.
Unknown command.
You slash the two-headed ogre!
You kill the two-headed ogre!
Okawaru is honoured by your kill.
Your Long Blades skill increases to level 9!
* * * LOW HITPOINT WARNING * * *
You feel sick.
Okay, then.
You slash the howler monkey!
You die...

..... ..... ##...# #
#.....# #. ## .......
#.######..## O......
#...##.##..##
.......#######.#>.........
......hFh.................
.......##@.........#.####.
......( #(.........#.# #.
....... ###.##..####.# #.
......# #.#..## #.# #
.....# #...## #.# # ....#
#..#######.##### ....
#.................
........########.###
..........# ###.###


You could see a bullfrog, a howler monkey and a hound.

Vanquished Creatures
  A two-headed ogre (D:9)
  A black bear (D:7)
  4 ice beasts
  2 necrophages
  3 ogres
  2 phantoms
  6 centaurs
  A big kobold (D:6)
  Blork the orc (D:5)
  5 bullfrogs
  2 water moccasin zombies
  A wyvern skeleton (D:7)
  5 scorpions
  4 killer bees
  9 wights
  A howler monkey (D:9)
  3 crimson imps
  4 hounds
  A quasit (D:7)
  A gnoll shaman (D:7)
  4 jellies
  7 orc priests
  7 orc wizards
  A centaur skeleton (D:4)
  Terence (D:3)
  2 iguanas
  3 worker ants
  A hound skeleton (D:8)
  A howler monkey zombie (D:5)
  A worker ant zombie (D:4)
  A howler monkey skeleton (D:7)
  13 adders
  5 gnolls (D:7)
  7 river rats (Sewer)
  A shadow imp (D:6)
  An adder skeleton (D:5)
  A worm (D:2)
  2 dart slugs
  2 leopard geckos
  34 orcs
  6 ball pythons
  6 bats
  4 giant cockroaches
  6 goblins
  3 hobgoblins
  6 jackals
  6 quokkas
  8 frilled lizards
  14 kobolds
  2 leopard gecko skeletons (D:4)
  A leopard gecko zombie (D:6)
  14 rats
  A fungus (D:4)
229 creatures vanquished.

Vanquished Creatures (others)
  A quokka (D:8)
1 creature vanquished.

Grand Total: 230 creatures vanquished

Notes
Turn   | Place    | Note
-------+----------+-------------------------------------------
     0 | D:1      | Firecrotchwizard the Vine Stalker Fighter began the quest for the Orb.
     0 | D:1      | Reached XP level 1. HP: 11/11 MP: 2/2
   121 | D:1      | Reached skill level 2 in Long Blades
   127 | D:1      | Reached XP level 2. HP: 11/16 MP: 3/3
   568 | D:2      | Reached XP level 3. HP: 19/19 MP: 4/4
   605 | D:2      | Reached skill level 3 in Fighting
   605 | D:2      | Reached skill level 3 in Shields
   752 | D:2      | Gained mutation: Your natural rate of healing is unusually fast. [Vine Stalker growth]
   752 | D:2      | Reached XP level 4. HP: 19/24 MP: 5/5
   780 | D:2      | Found an ornate altar of the Wu Jian Council.
   828 | D:2      | Found a glowing golden altar of the Shining One.
  1284 | D:3      | Reached skill level 3 in Long Blades
  1284 | D:3      | Reached XP level 5. HP: 28/28 MP: 6/6
  1331 | D:3      | Reached skill level 3 in Armour
  1386 | D:3      | Noticed Terence
  1395 | D:3      | Killed Terence
  1514 | D:3      | Found a shattered altar of Ashenzari.
  1663 | D:3      | Noticed Sigmund
  1727 | D:4      | Reached XP level 6. HP: 28/32 MP: 7/7
  1785 | D:4      | Reached skill level 4 in Long Blades
  1857 | D:4      | Found a glowing drain.
  1873 | Sewer    | Entered a sewer
  2317 | D:4      | Found Yfuenkat's Assorted Antiques.
  2404 | D:4      | Reached skill level 4 in Fighting
  2404 | D:4      | Reached XP level 7. HP: 19/37 MP: 6/8
  2461 | D:4      | Noticed a dagger
  2461 | D:4      | Noticed a dagger
  2462 | D:4      | Found a hide-covered altar of Uskayaw.
  2492 | D:4      | Reached skill level 4 in Shields
  2506 | D:4      | HP: 5/37 [ogre/giant spiked club (11)]
  2508 | D:4      | HP: 2/37 [ogre/giant spiked club (4)]
  2945 | D:5      | Entered Level 5 of the Dungeon
  3041 | D:5      | Reached skill level 5 in Long Blades
  3047 | D:5      | Reached skill level 4 in Armour
  3047 | D:5      | Gained mutation: You have razor-sharp teeth. [Vine Stalker growth]
  3047 | D:5      | Reached XP level 8. HP: 42/42 MP: 9/9
  3111 | D:5      | Found a staircase to the Ecumenical Temple.
  3143 | Temple   | Entered the Ecumenical Temple
  3154 | Temple   | Became a worshipper of Warmaster Okawaru
  3653 | D:5      | Noticed Blork the orc
  3671 | D:5      | Killed Blork the orc
  3671 | D:5      | Reached skill level 6 in Long Blades
  3833 | D:5      | Found a bloodstained altar of Trog.
  3921 | D:6      | Noticed zig's ghost (novice BaMo)
  3952 | D:5      | HP: 10/42 [poisoned by zig's ghost]
  3958 | D:5      | HP: 9/42 [poisoned by zig's ghost]
  3965 | D:5      | HP: 10/42 [poisoned by zig's ghost]
  4111 | D:6      | Reached skill level 5 in Shields
  4146 | D:6      | Reached skill level 5 in Fighting
  4345 | D:6      | Reached * piety under Okawaru
  4615 | D:7      | Reached XP level 9. HP: 20/47 MP: 10/10
  4835 | D:7      | Reached skill level 5 in Armour
  4865 | D:7      | Reached skill level 7 in Long Blades
  5462 | D:7      | Found a blossoming altar of Fedhas.
  5467 | D:7      | Reached ** piety under Okawaru
  6180 | D:7      | Reached skill level 6 in Fighting
  6180 | D:7      | Reached skill level 6 in Shields
  6295 | D:8      | Reached skill level 8 in Long Blades
  6363 | D:8      | Reached XP level 10. HP: 41/53 MP: 8/11
  6379 | D:8      | Reached *** piety under Okawaru
  6389 | D:8      | Found a white marble altar of Elyvilon.
  6866 | D:9      | Found a snail-covered altar of Cheibriados.
  6953 | D:9      | Reached skill level 6 in Armour
  7090 | D:9      | Noticed a two-headed ogre
  7117 | D:9      | HP: 5/53 [two-headed ogre/giant club (15)]
  7118 | D:9      | HP: 1/53 [two-headed ogre/giant club (3)]
  7119 | D:9      | Killed a two-headed ogre
  7119 | D:9      | Reached **** piety under Okawaru
  7119 | D:9      | Reached skill level 9 in Long Blades
  7120 | D:9      | Succumbed to a two-headed ogre's poison

Vault maps used:
D:1:      lemuel_arrival_muddy, kennysheep_boxes
D:2:      tso_metal_star, lemuel_coloured_pillars_altar, first_bread
D:3:      marbit_many_paths, ashenzari_altar_1, uniq_terence, uniq_sigmund
D:4:      dancing_weapons_uskayaw, serial_shops, shop,
          cheibrodos_sewer_entry_sluice, minmay_gold_behind_fungi
D:5:      kennysheep_little_box, minmay_temple_entry_glass, uniq_blork_the_orc
D:6:      sword_in_stone
D:7:      overflow_temple_1_default
D:8:      elyvilon_altar_4, minivault_27, grunt_ogre_cave,
          kennysheep_generic_room_10
D:9:      cheibriados_altar_1, makhleb_altar_promises_db, grunt_gozag_statues,
          serial_shops, nicolae_shop_waterfront, uniq_gastronok
Temple:   nicolae_temple_x_marks_the_god
Sewer:    sewer_co_cracked_pipes

Skill      XL: |  1  2  3  4  5  6  7  8  9 10 |
---------------+-------------------------------+-----
Long Blades    | 2 3 4 5 6 8 9 |  9.1
Fighting       | 3 4 5 6 |  6.8
Shields        | 3 4 5 6 |  6.8
Armour         | 3 4 5 6 |  6.2

Action                   |  1- 3 |  4- 6 |  7- 9 | 10-12 || total
-------------------------+-------+-------+-------+-------++-------
Melee: Long sword        |    95 |   210 |   451 |   105 ||   861
       Bite              |    21 |    64 |   198 |    40 ||   323
Invok: Heroism           |       |       |     1 |     1 ||     2
  Use: Scroll            |       |       |    12 |     3 ||    15
  Eat: Chunk             |       |     6 |    10 |     3 ||    19
       Royal jelly       |       |       |     1 |       ||     1
       Fruit             |       |       |     1 |       ||     1
Armor: Scale mail        |    36 |    28 |       |       ||    64
       Chain mail        |       |    95 |   259 |    37 ||   391
Dodge: Dodged            |    27 |    54 |   106 |    17 ||   204
Block: Shield            |    46 |   101 |   285 |    55 ||   487
       Rpst.: Long sword |     8 |    15 |    36 |     4 ||    63

Table legend:
 A = Spawn XP
 B = Non-spawn XP
 C = Spawn XP percentage of total XP
 D = Spawn monster count
 E = Non-spawn monster count
 F = Spawn count percentage of total count
 G = Total turns spent on level
                    A         B        C        D         E        F      G
               +---------+---------+-------+---------+---------+-------+---------
         Total |       0 |    7148 |   0.0 |       0 |     228 |   0.0 |  7120
               +---------+---------+-------+---------+---------+-------+---------
           D:1 |       0 |      32 |   0.0 |       0 |      21 |   0.0 |   519
           D:2 |       0 |      77 |   0.0 |       0 |      14 |   0.0 |   712
           D:3 |       0 |     178 |   0.0 |       0 |      19 |   0.0 |   461
           D:4 |       0 |     472 |   0.0 |       0 |      18 |   0.0 |   846
           D:5 |       0 |     948 |   0.0 |       0 |      37 |   0.0 |  1090
           D:6 |       0 |     468 |   0.0 |       0 |      18 |   0.0 |   525
           D:7 |       0 |    1723 |   0.0 |       0 |      35 |   0.0 |  1639
           D:8 |       0 |    1611 |   0.0 |       0 |      28 |   0.0 |   669
           D:9 |       0 |    1526 |   0.0 |       0 |      13 |   0.0 |   236
         Sewer |       0 |     113 |   0.0 |       0 |      25 |   0.0 |   407
               +---------+---------+-------+---------+---------+-------+---------

Vault maps used:
D:1:      lemuel_arrival_muddy, kennysheep_boxes
D:2:      tso_metal_star, lemuel_coloured_pillars_altar, first_bread
D:3:      marbit_many_paths, ashenzari_altar_1, uniq_terence, uniq_sigmund
D:4:      dancing_weapons_uskayaw, serial_shops, shop,
          cheibrodos_sewer_entry_sluice, minmay_gold_behind_fungi
D:5:      kennysheep_little_box, minmay_temple_entry_glass, uniq_blork_the_orc
D:6:      sword_in_stone
D:7:      overflow_temple_1_default
D:8:      elyvilon_altar_4, minivault_27, grunt_ogre_cave,
          kennysheep_generic_room_10
D:9:      cheibriados_altar_1, makhleb_altar_promises_db, grunt_gozag_statues,
          serial_shops, nicolae_shop_waterfront, uniq_gastronok
Temple:   nicolae_temple_x_marks_the_god
Sewer:    sewer_co_cracked_pipes

Table legend:
 A = Turns spent in this place as a percentage of turns spent in the entire game.
 B = Non-inter-level travel turns spent in this place as a percentage of non-inter-level travel turns spent in the entire game.
 C = Inter-level travel turns spent in this place as a percentage of turns spent in this place.
 D = Turns resting spent in this place as a percentage of non-inter-level travel turns spent in this place.
 E = Turns spent auto-exploring this place as a percentage of non-inter-level travel turns spent in this place.
 F = Non-inter-level travel turns spent in this place divided by the number of levels of this place that you've seen.
                   A       B       C       D       E      F
               +-------+-------+-------+-------+-------+----------------------
         Total | 100.0 | 100.0 |   3.1 |  11.8 |  62.3 | 627.2
       Dungeon |  94.1 |  93.9 |   3.2 |  12.4 |  62.8 | 720.1
        Temple |   0.2 |   0.2 |  31.2 |   0.0 |  36.4 |  11.0
         Sewer |   5.7 |   5.9 |   0.0 |   2.2 |  55.0 | 407.0
               +-------+-------+-------+-------+-------+----------------------

Table legend:
 A = Kills in this place as a percentage of kills in entire the game.
 B = Kills by you in this place as a percentage of kills by you in the entire game.
 C = Kills by friends in this place as a percentage of kills by friends in the entire game.
 D = Other kills in this place as a percentage of other kills in the entire game.
 E = Experience gained in this place as a percentage of experience gained in the entire game.
 F = Experience gained in this place divided by the number of levels of this place that you have seen.
                   A       B       C       D       E      F
               +-------+-------+-------+-------+-------+----------------------
         Total | 100.0 | 100.0 |   N/A |   N/A | 100.0 | 649.8
       Dungeon |  89.0 |  89.0 |   N/A |   N/A |  98.4 | 781.7
         Sewer |  11.0 |  11.0 |   N/A |   N/A |   1.6 | 113.0
               +-------+-------+-------+-------+-------+----------------------
